[Event "*** SCC Grand Prix: Titled Tuesday Blitz"]
[Site "Chess.com"]
[Date "2020.09.29"]
[Round "3"]
[White "TheCavemanChesss"]
[Black "GiantThresher"]
[Result "0-1"]
[WhiteElo "2435"]
[BlackElo "2768"]
[TimeControl "180+1"]
[EndTime "10:26:51 PDT"]
[Termination "GiantThresher won by resignation"]

1. e4 e6 2. d4 d5 3. Nc3 Bb4 4. e5 c5 5. a3 Bxc3+ 6. bxc3 Ne7 7. Qg4 O-O 8. Bd3 Nbc6 9. Nf3 f5 10. Qh3 Qa5 11.
Bd2 Qa4 12. O-O cxd4 13. cxd4 Nxd4 14. Bb4 Nxf3+ 15. Qxf3 Rf7 16. c4 Nc6 17. Rfe1 dxc4 18. Bxc4 Nxb4 19. axb4 Qxb4 20. Ba2 Qg4 21. Qc3 Bd7 22.
f3 Qg6 23. Rad1 Bc6 24. Rd6 Re7 25. Red1 h6 26. Qb3 Rae8 27. Qa3 Kh8 28. Rd8 Rxd8 29. Rxd8+ Re8 30. Rxe8+ Bxe8 31. Qd6 f4 32. Qxe6 Qxe6 33.
Bxe6 g5 34. Bc8 b5 35. e6 Kg7 36. Bd7 Kf8 0-1

[Event "*** SCC Grand Prix: Titled Tuesday Blitz"]
[Site "Chess.com"]
[Date "2020.09.29"]
[Round "3"]
[White "Aleksey_Sorokin"]
[Black "NikolaGry"]
[Result "0-1"]
[WhiteElo "2812"]
[BlackElo "2648"]
[TimeControl "180+1"]
[EndTime "10:26:53 PDT"]
[Termination "NikolaGry won by resignation"]

1. d4 d5 2. c4 Nc6 3. Nf3 Bg4 4.
cxd5 Bxf3 5. gxf3 Qxd5 6. e3 e5 7. Nc3 Bb4 8. Bd2 Bxc3 9. bxc3 Qd6 10. Qb3 b6 11. Bb5 Ne7 12. c4 O-O 13. d5 Nd8 14.
Bb4 Qf6 15. e4 Nb7 16. Bc6 Nxc6 17. dxc6 Nc5 18. Bxc5 bxc5 19. Ke2 Qxc6 20. Rhd1 f5 21. Qe3 Qe6 22. Rd5 Rab8 23. Rad1 Rb2+ 24. R1d2 Rxd2+ 25. Kxd2 Qa6 26. Rxc5 Qxa2+ 27. Ke1 Qb1+ 28. Ke2 Rb8 29.
Rd5 Rb2+ 30. Rd2 fxe4 31. fxe4 Rxd2+ 32. Kxd2 Qb4+ 33. Kd1 Qxc4 34. Qxa7 Qd4+ 35. Qxd4 exd4 36. Kd2 g5 37. Kd3 c5 0-1

[Event "*** SCC Grand Prix: Titled Tuesday Blitz"]
[Site "Chess.com"]
[Date "2020.09.29"]
[Round "3"]
[White "Alexander_Donchenko"]
[Black "dyziotomi99"]
[Result "1-0"]
[WhiteElo "2682"]
[BlackElo "2455"]
[TimeControl "180+1"]
[EndTime "10:26:53 PDT"]
[Termination "Alexander_Donchenko won by resignation"]

1. e4 c5 2. Nf3 Nc6 3. d4 cxd4 4. Nxd4 e6 5. Nc3 a6 6. Be3 Nf6 7. a3 Qc7 8. Be2 Be7 9. O-O O-O 10. f4 d6 11. Qe1 Bd7 12. Qg3 Nxd4 13. Bxd4 Bc6 14. Bd3 Nh5 15. Qh3 g6 16. Rf3 e5 17. fxe5 dxe5 18.
Be3 Nf4 19. Bxf4 exf4 20. Qh6 Bd7 21. Nd5 Qc5+ 22. Kh1 Bd8 23. Rxf4 Bc6 24. Rf3 Qd4 25.
Raf1 Bxd5 26. exd5 f5 27. d6 Bf6 28. Rh3 Rf7 29.
c3 Qc5 30. Bb1 Rg7 31. Bxf5 Qxd6 32. Bxg6 hxg6 33. Qh8+ Kf7 34. Qxa8 Qc6 35. Rhf3 1-0

[Event "*** SCC Grand Prix: Titled Tuesday Blitz"]
[Site "Chess.com"]
[Date "2020.09.29"]
[Round "3"]
[White "Abdimalik_Abdisalimov"]
[Black "BigAl"]
[Result "0-1"]
[WhiteElo "2725"]
[BlackElo "2519"]
[TimeControl "180+1"]
[EndTime "10:26:54 PDT"]
[Termination "BigAl won by resignation"]

1. d4 Nf6 2. c4 g6 3. f3 Bg7 4. e4 O-O 5. Nc3 d6 6. Nge2 Nc6 7. Bg5 a6 8. Rc1 Rb8 9. Qd2 e5 10. d5 Na5 11. Nd1 c5 12. dxc6 Nxc6 13. h4 Be6 14.
h5 Rc8 15. hxg6 fxg6 16. Bh6 Bxh6 17. Rxh6 b5 18. cxb5 axb5 19. b3 d5 20. exd5 Nxd5 21. Ne3 Nf4 22. Nc3 Nd4 23. Rd1 Qg5 24. Ng4 Bxg4 25.
Rh1 Bf5 26. Kf2 b4 0-1

[Event "*** SCC Grand Prix: Titled Tuesday Blitz"]
[Site "Chess.com"]
[Date "2020.09.29"]
[Round "3"]
[White "Fandorine"]
[Black "Fy_Rakotomaharo"]
[Result "1-0"]
[WhiteElo "2909"]
[BlackElo "2672"]
[TimeControl "180+1"]
[EndTime "10:26:56 PDT"]
[Termination "Fandorine won by checkmate"]

1. e4 e5 2. Nf3 Nc6 3. Bc4 Bc5 4.
d3 Nf6 5. Nbd2 d6 6. c3 a5 7. O-O h6 8. Re1 Ne7 9. Nf1 Ba7 10. Ng3 Ng6 11. h3 O-O 12. Bb3 c6 13.
d4 Re8 14. Be3 Be6 15. Bc2 Qc7 16. Qd2 Rad8 17. Bxh6 gxh6 18. Qxh6 Qe7 19. Nf5 Qf8 20.
Qg5 Nh7 21. Qg3 Kh8 22. Rad1 Bb8 23. Ng5 Nxg5 24. Qxg5 Qg8 25. Qf6+ Kh7 26. Re3 d5 27.
exd5 Bxf5 28. Bxf5 exd4 29. Rxd4 Kh6 30. Rh4# 1-0

[Event "*** SCC Grand Prix: Titled Tuesday Blitz"]
[Site "Chess.com"]
[Date "2020.09.29"]
[Round "3"]
[White "Sacbutt"]
[Black "Chesswizard_2007"]
[Result "0-1"]
[WhiteElo "2277"]
[BlackElo "2566"]
[TimeControl "180+1"]
[EndTime "10:26:56 PDT"]
[Termination "Chesswizard_2007 won by resignation"]

1. e4 a5 2. d4 a4 3. Nf3 h5 4.
Bc4 h4 5. h3 e6 6. O-O d6 7.
Nc3 c6 8. e5 d5 9. Bd3 b5 10.
Ne2 Be7 11. Be3 Nd7 12. Qd2 Nb6 13. b3 Bd7 14. Bg5 Bxg5 15. Nxg5 Rh5 16. Nf3 g5 17. Nh2 Ne7 18. f4 Nf5 19. c3 Qe7 20. Nf3 gxf4 21. Nxf4 Rh8 22. Bxf5 exf5 23. Qf2 Be6 24. Nd3 Kd8 25.
Nc5 Kc7 26. Nd2 Nd7 27. Nxd7 Qxd7 28. b4 Rag8 29. Rae1 Rg3 30. Re3 Rhg8 31. Rxg3 Rxg3 32. Nf3 f4 33. Kh1 Qe7 34. a3 Bf5 35. Re1 Be4 36. Kh2 Bxf3 37. gxf3 Qe6 38. Qf1 Kd7 39. Re2 Qf5 40.
Rg2 Ke6 41. Rxg3 fxg3+ 42. Kg1 Qc2 43. Qg2 Qc1+ 44. Qf1 Qxf1+ 45. Kxf1 Kf5 46. Ke2 Kf4 0-1

[Event "*** SCC Grand Prix: Titled Tuesday Blitz"]
[Site "Chess.com"]
[Date "2020.09.29"]
[Round "3"]
[White "lucachess49"]
[Black "theblitzchamp"]
[Result "0-1"]
[WhiteElo "2403"]
[BlackElo "2636"]
[TimeControl "180+1"]
[EndTime "10:26:57 PDT"]
[Termination "theblitzchamp won on time"]

1. d4 d5 2. c4 c6 3. Nc3 Nf6 4. e3 e6 5. Nf3 Bd6 6. Qc2 dxc4 7. Bxc4 b5 8. Bd3 Bb7 9. O-O O-O 10. a3 Nbd7 11.
h3 a6 12. e4 e5 13. dxe5 Nxe5 14. Nxe5 Bxe5 15. Be3 h6 16. Rad1 Qe7 17. f4 Bxc3 18. bxc3 Qxa3 19. Qf2 Rfe8 20. Bc1 Qb3 21. e5 Nd5 22.
Qg3 Qxc3 23. Kh2 Rad8 24. Rfe1 Kh8 25. f5 f6 26. e6 Nb4 27. Be4 Qxg3+ 28. Kxg3 Nd5 29.
Bxd5 cxd5 30. Rd4 Rc8 0-1

[Event "*** SCC Grand Prix: Titled Tuesday Blitz"]
[Site "Chess.com"]
[Date "2020.09.29"]
[Round "3"]
[White "Susal_De_Silva"]
[Black "RasSanti"]
[Result "1-0"]
[WhiteElo "2527"]
[BlackElo "2319"]
[TimeControl "180+1"]
[EndTime "10:26:58 PDT"]
[Termination "Susal_De_Silva won on time"]

1. e4 e5 2. Nf3 Nc6 3. Bc4 Bc5 4.
O-O d6 5. c3 Nf6 6. d3 O-O 7. h3 h6 8. Re1 Be6 9. Bb3 Bb6 10.
Nbd2 Qd7 11. Nf1 Rad8 12. Ng3 Rfe8 13. d4 Bxb3 14. axb3 d5 15. exd5 Qxd5 16. c4 Qd7 17. d5 e4 18. Nh2 Qd6 19. Be3 Nb4 20. Ng4 Nd3 21. Re2 Nxg4 22. hxg4 Bxe3 23. Rxe3 c6 24. Nxe4 Qb4 25. Qxd3 cxd5 26. cxd5 a6 27. Rae1 Rf8 28.
Nc3 Rd6 29. Re7 Qxg4 30. Qg3 Qxg3 31. fxg3 Rb6 32. Rc7 Rd8 33. Ree7 Rf6 34. Ne4 Rf5 35. d6 1-0

[Event "*** SCC Grand Prix: Titled Tuesday Blitz"]
[Site "Chess.com"]
[Date "2020.09.29"]
[Round "3"]
[White "Zmeeed63"]
[Black "TST2014"]
[Result "0-1"]
[WhiteElo "2362"]
[BlackElo "2562"]
[TimeControl "180+1"]
[EndTime "10:26:59 PDT"]
[Termination "TST2014 won on time"]

1. d4 Nf6 2. c4 c5 3. d5 b5 4. cxb5 a6 5. Nc3 axb5 6. e4 b4 7. Nb5 d6 8. Bf4 g6 9. e5 dxe5 10. Bxe5 Na6 11. d6 Bg7 12. Nc7+ Nxc7 13. dxc7 Qxd1+ 14. Rxd1 O-O 15. Bc4 Nd7 16. Bxg7 Kxg7 17. Bb5 Nb6 18.
Rc1 Rxa2 19. Nf3 Ra7 20. O-O Rxc7 21. Ne5 Be6 22. Rfd1 Rfc8 23. Nd3 b3 24. Rc3 c4 25. Nf4 Bf5 26. f3 Rc5 27. Ba6 R8c7 28. Rd2 Ra7 29.
g4 Bc2 0-1

[Event "*** SCC Grand Prix: Titled Tuesday Blitz"]
[Site "Chess.com"]
[Date "2020.09.29"]
[Round "3"]
[White "barbara25"]
[Black "Khnykin_Nikolay"]
[Result "1-0"]
[WhiteElo "2345"]
[BlackElo "2075"]
[TimeControl "180+1"]
[EndTime "10:27:00 PDT"]
[Termination "barbara25 won by checkmate"]

1. e4 e6 2. d4 d5 3. Nc3 Bb4 4.
e5 c5 5. a3 Bxc3+ 6. bxc3 Nc6 7. f4 Qh4+ 8. g3 Qd8 9. Nf3 Nh6 10. Bg2 Nf5 11. g4 Nh4 12. O-O Nxf3+ 13. Bxf3 cxd4 14.
cxd4 Qh4 15. c3 O-O 16. Be3 Bd7 17. Bf2 Qe7 18. Qd3 f5 19. exf6 Rxf6 20. Bg3 Rff8 21. Bd1 Qf6 22. Bc2 g6 23. Rae1 Qg7 24. h4 e5 25.
fxe5 Bxg4 26. Qb5 Be6 27. Bb3 g5 28. h5 Rfd8 29. Rf6 Bf7 30. h6 Qf8 31. e6 Qxa3 32.
exf7+ Kf8 33. Qc5+ Qxc5 34. dxc5 Ne7 35. Bd6 Rd7 36.
Ba4 b5 37. cxb6 Rxd6 38. Rxd6 axb6 39. Rde6 Rxa4 40. Rxe7 Rg4+ 41. Kh2 Rh4+ 42. Kg3 Rc4 43. Rb7 Rxc3+ 44. Kg4 Rc8 45. Re5 Rd8 46. Rxg5 d4 47.
Rg8# 1-0

[Event "*** SCC Grand Prix: Titled Tuesday Blitz"]
[Site "Chess.com"]
[Date "2020.09.29"]
[Round "3"]
[White "misterlamine"]
[Black "WonderChampion"]
[Result "0-1"]
[WhiteElo "2304"]
[BlackElo "2003"]
[TimeControl "180+1"]
[EndTime "10:27:00 PDT"]
[Termination "WonderChampion won on time"]

1. d4 d5 2. c4 e6 3. Nc3 c6 4.
Nf3 Nf6 5. Bg5 Be7 6. e3 O-O 7. Bd3 dxc4 8. Bxc4 b5 9. Bd3 Bb7 10. O-O a6 11. Rc1 Nbd7 12. Ne4 Nxe4 13. Bxe7 Qxe7 14.
Bxe4 Rfc8 15. Qb3 Nb6 16. Ne5 Nd5 17. Nd3 f5 18. Bf3 Rd8 19. Rfe1 a5 20. e4 fxe4 21.
Rxe4 a4 22. Qd1 Nf6 23. Re3 Rxd4 0-1

[Event "*** SCC Grand Prix: Titled Tuesday Blitz"]
[Site "Chess.com"]
[Date "2020.09.29"]
[Round "3"]
[White "Chuchofrio1"]
[Black "keepitcool9499"]
[Result "0-1"]
[WhiteElo "2397"]
[BlackElo "2613"]
[TimeControl "180+1"]
[EndTime "10:27:01 PDT"]
[Termination "keepitcool9499 won by resignation"]

1. d4 e6 2. c4 Nf6 3. Nc3 d5 4. cxd5 exd5 5. Bg5 Be7 6. e3 O-O 7. Bd3 h6 8. Bh4 c6 9. Nge2 Ne4 10. Bxe7 Qxe7 11.
O-O Bf5 12. Qc2 Nd7 13. Rae1 Nxc3 14. Bxf5 Nxe2+ 15. Rxe2 Rfe8 16. h3 Nf6 17. Rb1 g6 18. Bd3 Kg7 19. b4 a6 20. a4 Qd6 21. Qb3 Re7 22. b5 cxb5 23. axb5 a5 24. Rc2 Rc7 25.
Rbc1 a4 26. Qa2 Rxc2 27. Qxc2 Qb4 28. Rb1 Qa5 29. Ra1 a3 30. Qa2 Qc3 31. Bf1 Ne4 32. Rb1 Nd2 33. Rd1 Nxf1 34. Rxf1 Qb2 35. Qxd5 a2 36.
Qe5+ Kg8 0-1

[Event "*** SCC Grand Prix: Titled Tuesday Blitz"]
[Site "Chess.com"]
[Date "2020.09.29"]
[Round "3"]
[White "BocharovD"]
[Black "AliKa2810"]
[Result "1-0"]
[WhiteElo "2777"]
[BlackElo "2556"]
[TimeControl "180+1"]
[EndTime "10:27:02 PDT"]
[Termination "BocharovD won by resignation"]

1. c4 Nf6 2. g3 e6 3. Bg2 d5 4. Nf3 dxc4 5. O-O c5 6. Na3 Nc6 7. Nxc4 Be7 8. b3 O-O 9. Bb2 Nd5 10. d4 cxd4 11. Nxd4 Nxd4 12. Bxd4 Bf6 13. Rc1 Rb8 14. Qd2 a6 15. Rfd1 b5 16. Bxf6 Qxf6 17. Nd6 Bd7 18. e4 Nb6 19. Qf4 e5 20. Qxf6 gxf6 21. Nf5 Rfd8 22.
Bf3 b4 23. Kg2 a5 24. Ne3 a4 25. Bg4 axb3 26. axb3 Bb5 27. Rc5 Bd3 28. Bf5 Ra8 29.
Rc6 Ra6 30. Rxf6 Kg7 31. Rc6 Rd4 32. Rdc1 Bxe4+ 33. Bxe4 Rxe4 34. Nf5+ 1-0

[Event "*** SCC Grand Prix: Titled Tuesday Blitz"]
[Site "Chess.com"]
[Date "2020.09.29"]
[Round "3"]
[White "pirulillo"]
[Black "Agnes66678"]
[Result "1-0"]
[WhiteElo "2235"]
[BlackElo "2462"]
[TimeControl "180+1"]
[EndTime "10:27:02 PDT"]
[Termination "pirulillo won by resignation"]

1. e4 e5 2. Bc4 Nf6 3. d3 Nc6 4.
Nc3 Na5 5. Bb3 Nxb3 6. axb3 d5 7. exd5 Bb4 8. Ne2 Nxd5 9. O-O O-O 10. Nxd5 Qxd5 11. Nc3 Qc6 12. Bd2 a5 13. Ne4 Bxd2 14.
Qxd2 f5 15. Ng3 Bd7 16. Rxa5 Rxa5 17. Qxa5 Re8 18. Qc3 Qd6 19. b4 g6 20. Qc5 Ra8 21. Re1 Re8 22. Qxd6 cxd6 23. Ra1 Rc8 24. c3 Kf7 25.
Kf1 d5 26. Ke2 e4 27. d4 Bb5+ 28. Kd2 f4 29. Ne2 g5 30. Ra5 Bc6 31. Nc1 Re8 32. b5 Bd7 33. b6 Re6 34. Rxd5 Ke7 35. Rxg5 Rxb6 36. b4 Kf6 37. Rh5 Bf5 38. h4 Bg6 39. Ra5 h5 40. Ne2 f3 41. gxf3 exf3 42. Nf4 Bf7 43.
Nxh5+ Bxh5 44. Rxh5 Kg6 45. Rg5+ Kf6 46. Kd3 Re6 47.
Rg3 Re1 48. Rxf3+ Ke6 49. h5 Rh1 50. Re3+ Kd6 51. Re5 Rh4 52. Kc4 Rh3 1-0

[Event "*** SCC Grand Prix: Titled Tuesday Blitz"]
[Site "Chess.com"]
[Date "2020.09.29"]
[Round "3"]
[White "teacher4chess"]
[Black "dpopadic"]
[Result "0-1"]
[WhiteElo "2011"]
[BlackElo "2323"]
[TimeControl "180+1"]
[EndTime "10:27:03 PDT"]
[Termination "dpopadic won by resignation"]

1. d4 Nf6 2. Nf3 g6 3. b3 Bg7 4. Bb2 O-O 5. g3 d6 6. Bg2 c5 7. c4 Nc6 8. O-O a6 9. d5 Na5 10.
Nc3 Bd7 11. Rc1 b5 12. Re1 bxc4 13. bxc4 Nxc4 14. Ba1 Rb8 15. e4 Na5 16. e5 Ne8 17. Ne4 Bf5 18. exd6 exd6 19. Nh4 Bxe4 20. Bxe4 Bxa1 21.
Rxa1 Nf6 22. Bg2 Re8 23. Qf3 Nd7 24. Qc3 Qb6 25. Bh3 Ne5 26. f4 c4+ 27. Kh1 Nd3 28.
Rxe8+ Rxe8 29. Nf3 Qe3 30. Qxa5 Qxf3+ 31. Bg2 Qe3 32.
Bf1 Qe4+ 33. Bg2 Qd4 34. h3 Qxa1+ 35. Kh2 Qd4 36. Qa4 Re2 37. Qd7 Qf2 0-1

[Event "*** SCC Grand Prix: Titled Tuesday Blitz"]
[Site "Chess.com"]
[Date "2020.09.29"]
[Round "3"]
[White "penguingm1"]
[Black "Kildepiotr"]
[Result "1-0"]
[WhiteElo "2888"]
[BlackElo "2550"]
[TimeControl "180+1"]
[EndTime "10:27:04 PDT"]
[Termination "penguingm1 won by resignation"]

1. d4 c5 2. d5 e5 3. c4 d6 4. Nc3 Be7 5. g3 Bg5 6. Bxg5 Qxg5 7. h4 Qd8 8. Bh3 Bxh3 9. Nxh3 Nd7 10. O-O h6 11. e4 Ne7 12. f4 exf4 13. gxf4 f5 14. Qh5+ g6 15. Qe2 fxe4 16. Nxe4 Nb6 17. Nf6+ Kf8 18. Rae1 Nf5 19. Ne4 Qxh4 20. Qg2 Kg7 21. Kh2 Kh7 22. Rg1 Rhg8 23. b3 Raf8 24. Qf3 Nd7 25. Qd3 Nf6 26. Nf2 Nh5 27. Re4 Re8 28. Rg4 Qd8 29. Re6 Rxe6 30. dxe6 Qf6 31. Qd5 Re8 32. Ne4 Qxe6 33. Nhg5+ hxg5 34. Nxg5+ Kh6 35. Nxe6 Ne3 36. Qg5+ 1-0

[Event "*** SCC Grand Prix: Titled Tuesday Blitz"]
[Site "Chess.com"]
[Date "2020.09.29"]
[Round "3"]
[White "geordie_derraugh"]
[Black "xberli"]
[Result "0-1"]
[WhiteElo "2395"]
[BlackElo "2609"]
[TimeControl "180+1"]
[EndTime "10:27:04 PDT"]
[Termination "xberli won by resignation"]

1. e4 c5 2. Nf3 d6 3. Bb5+ Nd7 4.
d4 cxd4 5. Qxd4 e5 6. Qd3 Be7 7. c4 Nf6 8. Bg5 O-O 9. Bxd7 Nxd7 10. Bxe7 Qxe7 11. Nc3 Nc5 12. Qe2 Be6 13. O-O Rac8 14. Rfd1 h6 15. Nb5 a6 16. Nxd6 Rcd8 17. Nf5 Bxf5 18.
exf5 e4 19. Nd4 Qf6 20. Qe3 Rfe8 21. Ne2 Qxf5 22. Rxd8 Rxd8 23. Ng3 Qe5 24. Re1 Nd3 25.
Rf1 Nxb2 26. c5 Nc4 27. Qxe4 Qxc5 28. h4 b5 29. a4 Nd2 30. Qf3 Nxf3+ 0-1

[Event "*** SCC Grand Prix: Titled Tuesday Blitz"]
[Site "Chess.com"]
[Date "2020.09.29"]
[Round "3"]
[White "ehrenfeld"]
[Black "Radzio1987"]
[Result "0-1"]
[WhiteElo "2537"]
[BlackElo "2845"]
[TimeControl "180+1"]
[EndTime "10:27:05 PDT"]
[Termination "Radzio1987 won by resignation"]

1. e4 c5 2. d3 Nc6 3. f4 g6 4. Nf3 Bg7 5. Be2 d6 6. O-O e6 7.
c3 Nge7 8. Be3 O-O 9. d4 b6 10. Na3 Bb7 11. dxc5 bxc5 12. Nb5 Nc8 13. e5 dxe5 14. fxe5 Nxe5 15. Bxc5 Re8 16. Qxd8 Rxd8 17.
Rad1 Rd5 18. b4 Nb6 19. Nd6 Rxd1 20. Rxd1 Bxf3 21. gxf3 Na4 22. Bd4 Rd8 23. Bxe5 Bxe5 24. Ne4 Rxd1+ 25. Bxd1 Nxc3 26. Nxc3 Bxc3 27. b5 Kg7 28.
Kf2 Kf6 29. Ke3 g5 30. Ke4 Ke7 31. a4 Kd6 32. Bc2 f5+ 33. Kd3 Ba5 34. Kc4 h5 35. h3 Ke5 36. Kc5 Kf4 37. Kd6 e5 38. Ke6 e4 39.
fxe4 fxe4 40. Bd1 g4 41. hxg4 hxg4 0-1

[Event "*** SCC Grand Prix: Titled Tuesday Blitz"]
[Site "Chess.com"]
[Date "2020.09.29"]
[Round "3"]
[White "JoliyRoger"]
[Black "LiamVrolijk"]
[Result "0-1"]
[WhiteElo "2440"]
[BlackElo "2830"]
[TimeControl "180+1"]
[EndTime "10:27:05 PDT"]
[Termination "LiamVrolijk won by checkmate"]

1. Nf3 d5 2. c4 e6 3. cxd5 exd5 4. d4 Bd6 5. Nc3 c6 6. Qc2 Ne7 7. Bg5 f6 8. Bh4 Nf5 9. Bg3 Nxg3 10. hxg3 Qe7 11.
Rxh7 Rxh7 12. Qxh7 Be6 13. e3 Nd7 14. Qc2 O-O-O 15.
O-O-O Kb8 16. Kb1 Nb6 17. Bd3 Nc4 18. Ne2 Rh8 19. Nf4 Bf7 20. Bxc4 dxc4 21. Ng6 Bxg6 22. Qxg6 b5 23. Nh4 Bc7 24. Qc2 Rd8 25. Rc1 Bd6 26.
Nf5 Qf7 27. Qe4 Kc7 28. b3 Ba3 29. Rc2 g6 30. Nh4 g5 31. Nf5 Rh8 32. Re2 Rh1+ 33. Kc2 cxb3+ 34. axb3 Rc1+ 35. Kd2 Qxb3 36. d5 Qd1# 0-1

[Event "*** SCC Grand Prix: Titled Tuesday Blitz"]
[Site "Chess.com"]
[Date "2020.09.29"]
[Round "3"]
[White "BogdanDeac"]
[Black "Witik"]
[Result "1-0"]
[WhiteElo "2905"]
[BlackElo "2672"]
[TimeControl "180+1"]
[EndTime "10:27:06 PDT"]
[Termination "BogdanDeac won by resignation"]

1. Nf3 d5 2. d4 e6 3. c4 c6 4. Qc2 Bd6 5. Bg5 f6 6. Bh4 Qa5+ 7. Nbd2 f5 8. e3 Nf6 9. Bxf6 gxf6 10. cxd5 exd5 11.
Bd3 Na6 12. O-O Nb4 13. Qc3 Qc7 14. Be2 a5 15. a3 Na6 16. Bd3 Bd7 17. Qc2 f4 18. e4 O-O-O 19. Rac1 Kb8 20. Bxa6 bxa6 21. Qd3 Qb6 22. Rc3 a4 23. b3 Ka7 24. bxa4 Rb8 25. Rfc1 Rhg8 26. e5 fxe5 27. dxe5 Be7 28. Qxh7 Rge8 29.
e6 Bxe6 30. Rxc6 Qb2 31. Re1 Rb6 32. Rcxe6 Rxe6 33. Rxe6 Qa1+ 34. Re1 Qxa3 35. Qf7 Qxa4 36. Rxe7+ Rxe7 37. Qxe7+ Kb6 38. h4 Qa1+ 39. Kh2 1-0

[Event "*** SCC Grand Prix: Titled Tuesday Blitz"]
[Site "Chess.com"]
[Date "2020.09.29"]
[Round "3"]
[White "NuidisVulko"]
[Black "Ze-Pequeno"]
[Result "1-0"]
[WhiteElo "2494"]
[BlackElo "2258"]
[TimeControl "180+1"]
[EndTime "10:27:07 PDT"]
[Termination "NuidisVulko won on time"]

1. e4 c5 2. Nf3 d6 3. c3 Nf6 4. Bd3 Bg4 5. h3 Bh5 6. Bc2 Nc6 7. d3 e6 8. Nbd2 Be7 9. Nf1 d5 10. Qe2 O-O 11. Ng3 Bg6 12. O-O Qc7 13. Nh4 Nd7 14.
Nxg6 hxg6 15. f4 Rfe8 16. Bd2 Rad8 17. Rae1 dxe4 18. dxe4 Nf6 19. e5 Nd5 20. Ne4 a6 21. Kh2 b5 22. Rd1 Nb6 23. Be3 Na5 24. Qf2 Nd7 25. b3 Nb7 26. h4 Nb6 27. h5 gxh5 28. Ng3 g6 29. Qf3 Nd5 30. Bd2 h4 31. Ne4 c4 32. b4 a5 33. a3 axb4 34. axb4 Ra8 35. Qg4 Kg7 36. Ng5 1-0

[Event "*** SCC Grand Prix: Titled Tuesday Blitz"]
[Site "Chess.com"]
[Date "2020.09.29"]
[Round "3"]
[White "Zhuu96"]
[Black "boasovietica"]
[Result "1-0"]
[WhiteElo "2808"]
[BlackElo "2436"]
[TimeControl "180+1"]
[EndTime "10:27:08 PDT"]
[Termination "Zhuu96 won by resignation"]

1. d4 Nf6 2. c4 e6 3. Nf3 d5 4. Nc3 Nbd7 5. e3 c6 6. Be2 dxc4 7. a4 Bb4 8. O-O Qa5 9. Nd2 b5 10. Qc2 a6 11. Bf3 Bb7 12. axb5 Qxa1 13. bxc6 Bxc6 14.
Bxc6 Rc8 15. Ba4 O-O 16. Nde4 Nxe4 17. Bd2 Qxf1+ 18. Kxf1 Nxd2+ 19. Qxd2 Nb6 20. Bc2 Nd5 21. e4 Nxc3 22. bxc3 Be7 23. d5 exd5 24. exd5 Rfd8 25. Qe2 Bf6 26. Qf3 Kf8 27. g4 h6 28. Bf5 Rc5 29. Be4 a5 30. Qe3 Rc7 31. Qb6 Re7 32. Qxd8+ Re8 33.
Qd6+ 1-0

[Event "*** SCC Grand Prix: Titled Tuesday Blitz"]
[Site "Chess.com"]
[Date "2020.09.29"]
[Round "3"]
[White "GM_LOADING"]
[Black "rakshi2005"]
[Result "1-0"]
[WhiteElo "2498"]
[BlackElo "2264"]
[TimeControl "180+1"]
[EndTime "10:27:09 PDT"]
[Termination "GM_LOADING won by resignation"]

1. Nf3 Nf6 2. d4 g6 3. Bg5 Bg7 4. Nbd2 O-O 5. e3 d6 6. Bd3 Nc6 7. O-O e5 8. dxe5 dxe5 9. Bb5 Qe7 10. Nc4 Rd8 11. Qe2 Bg4 12. h3 Bxf3 13. Qxf3 e4 14. Qf4 h6 15. Bxf6 Qxf6 16. Qxf6 Bxf6 17. Bxc6 bxc6 18.
Rfd1 Rab8 19. c3 Kf8 20. Kf1 Ke7 21. Na5 Rxd1+ 22. Rxd1 Rxb2 23. Nxc6+ Ke6 24. Nxa7 Rxa2 25. Nb5 c6 26. Nd4+ Bxd4 27. cxd4 Kd5 28. Rc1 Ra5 29. g4 c5 30. dxc5 Rxc5 31. Rd1+ Ke5 32. Kg2 f5 33. Kg3 g5 34. gxf5 Kxf5 35. h4 Rc2 36. h5 Rc6 37. Rd5+ Kf6 38. Rd8 Rc1 39. Kg2 Kf5 40. Rh8 Kg4 41.
Rxh6 Kh4 42. Rh8 g4 43. h6 Rc5 44. Re8 Rh5 45. Re6 Kg5 46. Re5+ Kxh6 47. Rxe4 Rf5 48.
Rxg4 Kh5 49. Rg8 Ra5 50. f4 Ra3 51. Kf3 Kh6 52. f5 Kh7 53. Rg1 1-0

[Event "*** SCC Grand Prix: Titled Tuesday Blitz"]
[Site "Chess.com"]
[Date "2020.09.29"]
[Round "3"]
[White "KaspMagAlpha"]
[Black "Superfelix"]
[Result "0-1"]
[WhiteElo "2255"]
[BlackElo "2486"]
[TimeControl "180+1"]
[EndTime "10:27:09 PDT"]
[Termination "Superfelix won by checkmate"]

1. d4 g6 2. c4 Bg7 3. g3 Nf6 4. Bg2 d5 5. cxd5 Nxd5 6. Nf3 Nb6 7. O-O O-O 8. Nc3 Nc6 9. e3 Re8 10. Re1 e5 11. d5 Na5 12. e4 c6 13. Bg5 f6 14. Be3 Nac4 15. b3 Nxe3 16. Rxe3 cxd5 17. Nxd5 Nxd5 18. exd5 f5 19. Re2 e4 20. Nd4 Qxd5 21. Rd2 Qe5 22. Rc1 Bd7 23. Bf1 Rad8 24. Bc4+ Kh8 25.
Ne6 Rxe6 26. Rxd7 Rxd7 27. Qxd7 Re8 28. Qxb7 e3 29. Rf1 exf2+ 30. Rxf2 Qe3 31. Kg2 Bd4 32. Re2 Qg1+ 33. Kh3 Qf1+ 34. Rg2 Qd1 35. g4 Re3+ 36. Kh4 Bf6+ 37. g5 Qh5# 0-1

[Event "*** SCC Grand Prix: Titled Tuesday Blitz"]
[Site "Chess.com"]
[Date "2020.09.29"]
[Round "3"]
[White "PavelShkapenko"]
[Black "Jospem"]
[Result "0-1"]
[WhiteElo "2702"]
[BlackElo "2971"]
[TimeControl "180+1"]
[EndTime "10:27:11 PDT"]
[Termination "Jospem won by resignation"]

1. e4 e5 2. Nf3 Nc6 3. g3 Nf6 4. d3 Bc5 5. Bg2 O-O 6. O-O d5 7. exd5 Nxd5 8. Bd2 Re8 9. Nc3 Nb6 10. Re1 f6 11. Be3 Bxe3 12. Rxe3 Bg4 13. h3 Bh5 14. Qd2 Qd7 15. Rae1 Rad8 16. g4 Bf7 17. g5 Nc4 18.
dxc4 Qxd2 19. Nxd2 Rxd2 20. gxf6 gxf6 21. Nd5 Kg7 22.
R3e2 Rxe2 23. Rxe2 Nd4 24. Rd2 Rd8 25. Kf1 Ne6 26.
Ke1 c6 27. Ne3 Rxd2 28. Kxd2 Nf4 29. Bf1 Be6 30. Ng4 h5 31. Ne3 Nxh3 32. Ke1 Nf4 33. b3 c5 34. Bg2 Nxg2+ 35. Nxg2 Kg6 36. f4 Kf5 37. fxe5 fxe5 38. Kf2 Ke4 39. Ke2 Bg4+ 40. Kd2 Kf3 41. Nh4+ Kg3 42. Ng6 h4 43. Nxh4 Kxh4 44. Ke3 Bf5 45. c3 Kg5 46. b4 b6 47. a3 a5 48. Kf3 Kf6 49. Ke3 Ke6 50. Kf3 Bd3 0-1

[Event "*** SCC Grand Prix: Titled Tuesday Blitz"]
[Site "Chess.com"]
[Date "2020.09.29"]
[Round "3"]
[White "SanchezKelvin"]
[Black "kosya4ok"]
[Result "0-1"]
[WhiteElo "2380"]
[BlackElo "2588"]
[TimeControl "180+1"]
[EndTime "10:27:11 PDT"]
[Termination "kosya4ok won by resignation"]

1. d4 d5 2. c4 e6 3. Nf3 Nf6 4. Nc3 dxc4 5. e3 a6 6. a4 b6 7. Bxc4 Bb7 8. O-O Nbd7 9. Qe2 c5 10. Rd1 Qb8 11. d5 exd5 12. Nxd5 Nxd5 13. Bxd5 Nf6 14. Bxb7 Qxb7 15. Ne5 Be7 16. b3 O-O 17. Bb2 b5 18.
Qf3 Qxf3 19. gxf3 Rfc8 20. Nd7 Nxd7 21. Rxd7 Bf8 22. axb5 axb5 23. Rxa8 Rxa8 24. Rb7 Ra2 25. Be5 f6 26. Bf4 b4 27. Rb8 Kf7 28. Rb7+ Ke6 29. e4 Ra3 30. Rb8 g5 31. Bg3 Kf7 32. Rb7+ Kg6 33. Rb8 c4 34. bxc4 Bc5 35. Rb5 b3 36.
Kg2 Bd4 37. e5 b2 38. e6 Ra1 39. e7 Kf7 40. Bd6 b1=Q 0-1

[Event "*** SCC Grand Prix: Titled Tuesday Blitz"]
[Site "Chess.com"]
[Date "2020.09.29"]
[Round "3"]
[White "RestartingChess"]
[Black "Chessmatus"]
[Result "1-0"]
[WhiteElo "2527"]
[BlackElo "2323"]
[TimeControl "180+1"]
[EndTime "10:27:12 PDT"]
[Termination "RestartingChess won on time"]

1. e4 c5 2. Nf3 d6 3. Bb5+ Nc6 4. c4 Bd7 5. Nc3 Nf6 6. d3 g6 7.
Be3 Bg7 8. h3 O-O 9. Qd2 a6 10.
Bxc6 Bxc6 11. Bh6 b5 12. Bxg7 Kxg7 13. b3 bxc4 14. bxc4 Rb8 15. O-O Qa5 16. Rfb1 Qc7 17. Rb3 Rb4 18. Rxb4 cxb4 19. Nd5 Bxd5 20. exd5 a5 21. Nd4 Nd7 22. Nc6 Nc5 23. a3 e5 24.
Qd1 bxa3 25. Rxa3 a4 26. d4 exd4 27. Qxd4+ Kg8 28. Re3 h6 29. Qf6 Nd7 30. Qe7 Ra8 31. Rf3 f5 32. Qe6+ Kg7 33. Ne7 Nf8 34. Nxf5+ gxf5 35. Rg3+ Kh8 36. Qf6+ Kh7 37. Qxf5+ Kh8 38.
c5 a3 39. Qf6+ Kh7 40. cxd6 Qd7 41. Qa1 a2 42. h4 Ng6 43. h5 Ne5 44. f4 Qa7+ 45.
Kh2 Nd3 46. Rxd3 Rg8 47. Rf3 Qa4 48. d7 1-0